 Dungeon Crawl Stone Soup version 0.28.0 (webtiles) character file.

Game seed: 3031849995765968815

28 sanka the Magician (level 2, 0/16 HPs)
             Began as a Deep Elf Transmuter on Feb 8, 2022.
             Slain by Natasha (2 damage)
             ... on level 2 of the Dungeon.
             The game lasted 00:02:15 (2074 turns).

sanka the Magician (Deep Elf Transmuter)            Turns: 2074, Time: 00:02:16

Health: 0/16       AC:  6    Str:  7    XL:     2   Next: 96%
Magic:  9/9        EV: 12    Int: 17    God:
Gold:   0          SH:  0    Dex: 15    Spells: 9/10 levels left

rFire   . . .      SeeInvis .     - Unarmed
rCold   . . .      Faith    .   (no shield)
rNeg    . . .      Spirit   .   a - +0 robe
rPois   .          Reflect  .   (helmet currently unavailable)
rElec   .          Harm     .   (no cloak)
rCorr   .          Rampage  .   (no gloves)
Will    .....                   (boots currently unavailable)
Stlth   +.........              (no amulet)
HPRegen 0.05/turn               c - +4 ring of protection
MPRegen 0.11/turn               (no ring)

@: appendages (expiring)
A: horns 2, talons 2
a: End Transformation


You were on level 2 of the Dungeon.
You had temporarily grown beastly horns and talons.
You visited 1 branch of the dungeon, and saw 2 of its levels.

Inventory:

Armour
 a - a +0 robe (worn)
Jewellery
 c - a +4 ring of protection (left hand)
Potions
 b - a potion of heal wounds {unknown}
 d - a potion of haste {unknown}


   Skills:
 - Level 0.7 Fighting
 - Level 2.4 Dodging
 - Level 2.4 Unarmed Combat
 + Level 4.9 Spellcasting
 - Level 2.1 Transmutations


You had 9 spell levels left.
You knew the following spells:

 Your Spells              Type           Power      Damage    Failure   Level
a - Beastly Appendage     Tmut           22%        N/A       6%          1

Your spell library contained the following spells:

 Spells                   Type           Power      Damage    Failure   Level
 Wereblood                Tmut           11%        N/A       9%          2
 Spider Form              Tmut/Pois      7%         N/A       28%         3
 Ice Form                 Ice/Tmut       7%         N/A       67%         4


Dungeon Overview and Level Annotations

Branches:
Dungeon (2/15)

Altars:

Annotations:
D:2 Natasha


Innate Abilities, Weirdness & Mutations

You have temporarily grown beastly horns and talons.


Message History

You see here a quokka corpse.
Your transformation is almost over.
There is a faded altar of an unknown god here.
Done exploring.
You see here a quokka corpse.
Your horns disappear.
Your talons disappear.
There is a stone staircase leading down here.
You climb downwards.
There is a stone staircase leading up here.
Unknown command.
A kobold comes into view. It is wielding a +0 dagger.
The kobold moves out of view.
You grow a pair of large bovine horns.
Your feet morph into talons.
Natasha, Servant of Life and Death comes into view.
Found 24 arrows.
The kobold shouts!
Natasha claws you but does no damage.
You closely miss Natasha.
A hobgoblin comes into view.
Natasha claws you.
You miss Natasha. Your kick misses Natasha. Natasha casts a spell at you.
The magic dart hits you but does no damage.
You hit Natasha. Your kick misses Natasha. Your headbutt misses Natasha.
Natasha is moderately wounded.
Natasha barely misses you.
You hit Natasha but do no damage. Your kick misses Natasha.
Natasha is moderately wounded.
Natasha stares at you and mumbles some strange words.
The magic dart hits you!
You hit Natasha but do no damage. Your headbutt misses Natasha.
Natasha is moderately wounded.
Your transformation is almost over.
Natasha casts a spell at you. The magic dart hits you.
* * * LOW HITPOINT WARNING * * *
You barely miss Natasha. Your headbutt misses Natasha.
Natasha is moderately wounded.
Natasha claws you.
You die...

#.# #. .... #<#
..##(#. #.#####
#..... #.....#
##..... #####.#
....... #.#
#..... #.#
#....K###### #.#
#...h@...######.#
########........#
##########


You could see Natasha and a kobold.

Vanquished Creatures
  2 dart slugs (D:1)
  3 bats (D:1)
  An endoplasm (D:1)
  2 hobgoblins (D:1)
  3 quokkas (D:1)
  2 ball pythons (D:1)
  A frilled lizard (D:1)
  3 goblins (D:1)
  3 kobolds (D:1)
  4 rats (D:1)
24 creatures vanquished.

Notes
Turn   | Place    | Note
-------+----------+-------------------------------------------
     0 | D:1      | sanka the Deep Elf Transmuter began the quest for the Orb.
     0 | D:1      | Reached XP level 1. HP: 11/11 MP: 6/6
   613 | D:1      | Reached skill level 4 in Spellcasting
   613 | D:1      | Reached XP level 2. HP: 7/16 MP: 9/9
  1992 | D:1      | Found a faded altar of an unknown god.
  2065 | D:2      | Noticed Natasha
  2074 | D:2      | Slain by Natasha

Illustrated notes

Levels and vault maps discovered:
D:1:      matt_arrival_grand_opening, layout_rooms, basic_ecumenical_altar
D:2:      layout_loops_ring, minmay_small_reverse_x, uniq_natasha

Skill      XL: |  1 |
---------------+----+-----
Spellcasting   | 4 |  4.9
Fighting       | |  0.7
Dodging        | |  2.4
Unarmed Combat | |  2.4
Transmutations | |  2.1

Action                   || total
-------------------------++-------
Melee: Unarmed           ||    90
       Kick              ||    13
       Headbutt          ||     8
       Punch             ||     2
 Cast: Beastly Appendage ||    23
Armor: Robe              ||     9
Dodge: Dodged            ||    41
